 Dungeon Crawl Stone Soup version 0.29.0-4-gdea44cf6ec (webtiles) character file.

Game seed: 13730443441628017651

7149 qw the Severer (level 11, -12/64 HPs)
             Began as a Tengu Warper on Aug 28, 2022.
             Was a Priest of Okawaru.
             Mangled by a two-headed ogre
             ... wielding a +0 giant club
              (17 damage)
             ... on level 9 of the Dungeon.
             The game lasted 00:00:54 (9459 turns).

qw the Severer (Tengu Warper)                       Turns: 9459, Time: 00:00:55

Health: -12/64     AC: 20    Str: 11    XL:     11   Next: 10%
Magic:  14/15      EV:  5    Int: 14    God:    Okawaru [***...]
Gold:   375        SH: 12    Dex: 19    Spells: 14/14 levels left

rFire   . . .      SeeInvis .   Y - +3 war axe (vorpal)
rCold   + . .      Faith    .   t - +0 kite shield
rNeg    . . .      Spirit   .   q - +0 plate armour
rPois   .          Reflect  .   (helmet restricted)
rElec   .          Harm     .   j - +2 cloak
rCorr   +          Rampage  .   s - +1 pair of gloves of Cocah {Will+ rCorr Stlth+}
Will    +....                   (boots unavailable)
Stlth   ..........              (no amulet)
HPRegen 0.20/turn               i - ring "Pecka" {Ice +Blink Str-5 Dex+6 Slay+3}
MPRegen 0.14/turn               k - ring of protection from fire

@: heroic, flying quickly and evasively, quick
A: beak, talons 3, nimble flight
a: Renounce Religion, Evoke Blink, Heroism


You were on level 9 of the Dungeon.
You worshipped Okawaru.
Okawaru was most pleased with you.
You visited 2 branches of the dungeon, and saw 10 of its levels.
You also visited: Sewer and Ossuary.

You collected 375 gold pieces.


Innate Abilities, Weirdness & Mutations

You have a beak for a mouth.
You have claws for feet.
Your magical nature lets you fly swiftly and evasively.


   Skills:
 - Level 5.9(10.9) Fighting
 - Level 15.7(20.7) Axes
 - Level 3.1(8.1) Throwing
 - Level 5.0(10.0) Armour
 - Level 3.0(8.0) Dodging
 + Level 4.6(9.6) Shields
 - Level 2.0 Spellcasting
 - Level 2.4 Translocations
 - Level 4.2 Invocations


You had 14 spell levels left.
You didn't know any spells.
Your spell library contained the following spells:

 Spells                   Type           Power      Damage    Failure   Level
 Blink                    Tloc           16%        N/A       100%        2
 Gell's Gravitas          Tloc           8%         N/A       100%        3
 Lesser Beckoning         Tloc           8%         N/A       100%        3
 Teleport Other           Tloc           8%         N/A       100%        3
 Manifold Assault         Tloc           8%         N/A       100%        5

Inventory:

Hand Weapons
 o - a +0 morningstar
 Y - a +3 vorpal war axe (weapon)
Missiles
 e - 8 boomerangs
 u - 2 silver boomerangs (quivered)
Armour
 j - a +2 cloak (worn)
 q - a +0 plate armour (worn)
 s - the +1 pair of gloves of Cocah (worn) {Will+ rCorr Stlth+}
   (You acquired it in an ossuary)

   rCorr:     It protects you from acid and corrosion.
   Will:      It increases your willpower.
   Stlth:     It makes you more stealthy.
 t - a +0 kite shield (worn)
Jewellery
 i - the ring "Pecka" (left hand) {Ice +Blink Str-5 Dex+6 Slay+3}
   (You acquired it in an ossuary)

   [ring of ice]

   It enhances your ice magic.
   Str:       It affects your strength (-5).
   Dex:       It affects your dexterity (+6).
   Slay:      It affects your accuracy & damage with ranged weapons and melee
   (+3).
   rF:        It makes you vulnerable to fire.
   rC:        It protects you from cold.
   +Blink:    It lets you blink.
 k - a ring of protection from fire (right hand)
 l - a ring of resist corrosion
Scrolls
 a - a scroll of identify
 d - a scroll of poison {unknown}
 n - 5 scrolls of teleportation
Potions
 b - a potion of resistance
 c - a potion of cancellation
 f - a potion of might
 h - 5 potions of heal wounds
 p - 2 potions of curing
 r - a potion of mutation

Dungeon Overview and Level Annotations

Branches:
Dungeon (9/15)             Temple (1/1) D:6           Sewer (visited)
Ossuary (visited)
   Lair: D:8-11         Orc: D:9-12

Altars:
Ashenzari
Cheibriados
Dithmenos
Elyvilon
Fedhas
Gozag
Hepliaklqana
Kikubaaqudgha
Makhleb
Nemelex Xobeh
Okawaru
Qazlal
Ru
Sif Muna
Trog
Uskayaw
Vehumet
Wu Jian
Xom
Yredelemnul
Zin
The Shining One


Message History

Okawaru accepts your kill.
You start resting.
HP restored.
Found a potion of attraction.
You see here a potion of attraction.
You see here a howler monkey corpse.
A two-headed ogre comes into view. It is wielding two +0 giant clubs.
The two-headed ogre shouts in stereo!
9451 ||| INVOKING Heroism.
You gain the combat prowess of a mighty hero.
You barely miss the two-headed ogre. You claw the two-headed ogre.
The two-headed ogre is lightly wounded.
You block the two-headed ogre's attack.
The two-headed ogre hits you but does no damage.
You completely miss the two-headed ogre.
You claw the two-headed ogre!
The two-headed ogre is lightly wounded.
You hit the two-headed ogre but do no damage.
You claw the two-headed ogre. Your peck misses the two-headed ogre.
The two-headed ogre is lightly wounded.
The two-headed ogre barely misses you.
The two-headed ogre hits you with a +0 giant club!!
You hit the two-headed ogre. Your kick misses the two-headed ogre.
The two-headed ogre is moderately wounded.
You slash the two-headed ogre!
The two-headed ogre is heavily wounded.
The two-headed ogre hits you with a +0 giant club.
You block the two-headed ogre's attack.
You slash the two-headed ogre!
The two-headed ogre is heavily wounded.
You barely miss the two-headed ogre.
The two-headed ogre is heavily wounded.
You block the two-headed ogre's attack.
The two-headed ogre hits you with a +0 giant club!
You hit the two-headed ogre. You claw the two-headed ogre.
You peck the two-headed ogre, but do no damage.
The two-headed ogre is severely wounded.
The two-headed ogre hits you with a +0 giant club!!
The two-headed ogre hits you with a +0 giant club!
You die...

##.......#
#......... ##
##......... ..##..
###.........# ..#..
##...........# ....
###............#
#..
##...%#........##
#.##....#........##
#.O@..###......###
##...## ##...###
#..## ##### #.#####
#.###.# #.##..#
#### #..#..## ...##
#..#...# ....#
#..)...#


You could see a two-headed ogre.

Vanquished Creatures
  A cyclops (D:9)
  Joseph (D:9)
  Maurice (D:8)
  A troll (D:9)
  A wyvern (D:8)
  8 yaks (D:9)
  Edmund (D:6)
  2 water moccasins
  5 ice beasts
  2 orc warriors
  3 sky beasts
  2 black bears
  An ogre (D:4)
  A centaur (D:5)
  2 phantoms (D:6)
  A bullfrog (D:9)
  3 elf zombies (Ossuary)
  A kobold brigand (D:8)
  3 scorpions
  A necrophage (D:7)
  5 killer bees
  2 howler monkeys (D:9)
  6 centaur zombies (Ossuary)
  A gnoll bouda (D:5)
  2 hounds
  3 human zombies (Ossuary)
  5 jellies
  4 orc priests (D:7)
  2 iguanas
  2 orc wizards (D:7)
  3 mummies (Ossuary)
  4 gnolls (D:5)
  9 adders
  2 river rats (Sewer)
  3 white imps (D:6)
  An ufetubus (D:6)
  3 worms
  2 dart slugs
  21 orcs
  10 endoplasms
  9 giant cockroaches
  9 goblins
  10 hobgoblins
  A jackal (Sewer)
  5 quokkas
  10 ball pythons
  2 bats
  4 frilled lizards
  10 kobolds
  10 rats
201 creatures vanquished.

Vanquished Creatures (others)
  5 plants (Sewer)
5 creatures vanquished.

Grand Total: 206 creatures vanquished

Notes
Turn   | Place    | Note
-------+----------+-------------------------------------------
     0 | D:1      | qw the Tengu Warper began the quest for the Orb.
     0 | D:1      | Reached XP level 1. HP: 12/12 MP: 4/4
     0 | D:1      | 0 ||| qw: Version: 0.1-a-89-g26bdef1
     0 | D:1      | 0 ||| qw: Game counter: 664
     0 | D:1      | 0 ||| qw: Always use a shield: true
     0 | D:1      | 0 ||| qw: God list: Okawaru
     0 | D:1      | 0 ||| qw: Allow faded altars: false
     0 | D:1      | 0 ||| qw: Do Orc after D:15 true
     0 | D:1      | 0 ||| qw: Do second Lair branch before Depths: true
     0 | D:1      | 0 ||| qw: Lair rune preference: random
     0 | D:1      | 0 ||| qw: Plans: Normal
     0 | D:1      | 0 ||| PLANNING D:1-11
   118 | D:1      | Reached skill level 3 in Axes
   118 | D:1      | Reached XP level 2. HP: 17/17 MP: 6/6
   118 | D:1      | 118 ||| Stepping ~*~*~tactically~*~*~ (stealth).
   120 | D:1      | 120 ||| Stepping ~*~*~tactically~*~*~ (hiding).
   422 | D:1      | 422 ||| UPGRADING to +0 pair of gloves.
   427 | D:1      | 427 ||| READING scroll labelled ONYAMA XOCEAH.
   428 | D:1      | 428 ||| READING scroll labelled WENOPL MOIT.
   429 | D:1      | 429 ||| READING scroll labelled YNOMOZ YFFOR.
   430 | D:1      | 430 ||| READING scroll labelled VONYMIOREM.
   435 | D:1      | 435 ||| DROPPING scroll of blinking.
   448 | D:2      | Reached XP level 3. HP: 17/21 MP: 7/7
   452 | D:2      | Reached skill level 4 in Axes
   526 | D:2      | 526 ||| Stepping ~*~*~tactically~*~*~ (stealth).
   529 | D:2      | 529 ||| Stepping ~*~*~tactically~*~*~ (stealth).
   531 | D:2      | 531 ||| Stepping ~*~*~tactically~*~*~ (stealth).
   532 | D:2      | 532 ||| Stepping ~*~*~tactically~*~*~ (stealth).
   560 | D:2      | 560 ||| Stepping ~*~*~tactically~*~*~ (hiding).
   562 | D:2      | 562 ||| Stepping ~*~*~tactically~*~*~ (hiding).
  1257 | D:2      | 1257 ||| DROPPING +0 club.
  1312 | D:2      | 1312 ||| UPGRADING to ring of resist corrosion.
  1313 | D:2      | 1313 ||| READING scroll labelled PYCOOT JIGELI.
  1346 | D:3      | Found a faded altar of an unknown god.
  1351 | D:3      | 1351 ||| Stepping ~*~*~tactically~*~*~ (stealth).
  1352 | D:3      | 1352 ||| Stepping ~*~*~tactically~*~*~ (stealth).
  1362 | D:3      | Reached XP level 4. HP: 15/26 MP: 8/8
  1923 | D:3      | 1923 ||| SWAPPING to +2 vorpal war axe.
  1924 | D:3      | 1924 ||| DROPPING +1 hand axe.
  1948 | D:3      | Reached skill level 5 in Axes
  1985 | D:3      | Found a shadowy altar of Dithmenos.
  1985 | D:3      | Found a shimmering blue altar of Sif Muna.
  2543 | D:3      | 2543 ||| UPGRADING to +0 ring mail.
  2553 | D:3      | 2553 ||| DROPPING +0 leather armour.
  2554 | D:3      | 2554 ||| READING scroll labelled SIKLAA TOOLECKEH.
  2679 | D:4      | Noticed an ogre
  2688 | D:4      | 2688 ||| READING scroll of enchant weapon.
  2688 | D:4      | 2688 ||| ENCHANTING +2 vorpal war axe.
  2710 | D:4      | Gained mutation: Your magical nature lets you fly swiftly
                  | and evasively. [Tengu growth]
  2710 | D:4      | Reached XP level 5. HP: 25/30 MP: 9/9
  2718 | D:4      | Noticed a black bear
  2719 | D:4      | 2719 ||| FLEEEEING.
  2720 | D:4      | 2720 ||| FLEEEEING.
  2721 | D:4      | 2721 ||| FLEEEEING.
  2724 | D:4      | Killed a black bear
  2725 | D:4      | Reached skill level 6 in Axes
  2861 | D:4      | Reached skill level 7 in Axes
  2861 | D:4      | Reached XP level 6. HP: 15/35 MP: 10/10
  2867 | D:4      | HP: 8/35 [poisoned by a scorpion]
  2986 | D:4      | 2986 ||| Stepping ~*~*~tactically~*~*~ (stealth).
  2987 | D:4      | 2987 ||| Stepping ~*~*~tactically~*~*~ (stealth).
  2995 | D:4      | Reached skill level 3 in Fighting
  3460 | D:4      | 3460 ||| UPGRADING to +0 chain mail.
  3470 | D:4      | 3470 ||| DROPPING +0 ring mail.
  3471 | D:4      | 3471 ||| DRINKING 2 black potions.
  3472 | D:4      | 3472 ||| READING 2 scrolls of identify.
  3472 | D:4      | 3472 ||| IDENTIFYING ruby potion
  3473 | D:4      | 3473 ||| DROPPING potion of lignification.
  3491 | D:5      | Entered Level 5 of the Dungeon
  3492 | D:5      | 3492 ||| PLANNING SEWER
  3585 | D:5      | 3585 ||| Stepping ~*~*~tactically~*~*~ (stealth).
  3620 | D:5      | Found a glowing drain.
  3626 | Sewer    | Entered a sewer
  3659 | Sewer    | Reached XP level 7. HP: 41/41 MP: 11/11
  3676 | Sewer    | 3676 ||| Stepping ~*~*~tactically~*~*~ (stealth).
  4216 | Sewer    | 4216 ||| DRINKING 2 fizzy inky potions.
  4222 | D:5      | 4222 ||| PLANNING D:1-11
  4274 | D:5      | Identified the +6 long sword "Viommeri" {vorpal, Str+2}
  4424 | D:5      | 4424 ||| DROPPING +0 mace.
  4470 | D:5      | 4470 ||| Stepping ~*~*~tactically~*~*~ (hiding).
  4478 | D:5      | Reached skill level 8 in Axes
  4644 | D:5      | HP: 10/41 [water moccasin (1)]
  4645 | D:5      | 4645 ||| READING 5 scrolls of teleportation.
  4646 | D:5      | 4646 ||| DRINKING 2 potions of heal wounds.
  4649 | D:5      | Reached skill level 3 in Armour
  4649 | D:5      | 4649 ||| DRINKING potion of curing.
  4649 | D:5      | 4649 ||| (to cure poison)
  4853 | D:5      | 4853 ||| Stepping ~*~*~tactically~*~*~ (hiding).
  4867 | D:5      | 4867 ||| FLEEEEING.
  4868 | D:5      | 4868 ||| FLEEEEING.
  4877 | D:5      | 4877 ||| FLEEEEING.
  4878 | D:5      | 4878 ||| FLEEEEING.
  4879 | D:5      | 4879 ||| FLEEEEING.
  4880 | D:5      | 4880 ||| FLEEEEING.
  4881 | D:5      | 4881 ||| FLEEEEING.
  4896 | D:5      | 4896 ||| FLEEEEING.
  4897 | D:5      | 4897 ||| FLEEEEING.
  4898 | D:5      | 4898 ||| FLEEEEING.
  4899 | D:5      | 4899 ||| FLEEEEING.
  4900 | D:5      | 4900 ||| FLEEEEING.
  4901 | D:5      | 4901 ||| FLEEEEING.
  4902 | D:5      | 4902 ||| FLEEEEING.
  4903 | D:5      | 4903 ||| FLEEEEING.
  4904 | D:5      | 4904 ||| FLEEEEING.
  4905 | D:5      | 4905 ||| FLEEEEING.
  4906 | D:5      | 4906 ||| FLEEEEING.
  4909 | D:5      | 4909 ||| FLEEEEING.
  4910 | D:5      | 4910 ||| FLEEEEING.
  4913 | D:5      | 4913 ||| FLEEEEING.
  4914 | D:5      | 4914 ||| FLEEEEING.
  4915 | D:5      | 4915 ||| FLEEEEING.
  4920 | D:5      | 4920 ||| FLEEEEING.
  4921 | D:5      | 4921 ||| FLEEEEING.
  4922 | D:5      | 4922 ||| FLEEEEING.
  4923 | D:5      | 4923 ||| FLEEEEING.
  4929 | D:5      | 4929 ||| FLEEEEING.
  4930 | D:5      | 4930 ||| FLEEEEING.
  4931 | D:5      | 4931 ||| FLEEEEING.
  4932 | D:5      | 4932 ||| FLEEEEING.
  4933 | D:5      | 4933 ||| FLEEEEING.
  4934 | D:5      | 4934 ||| FLEEEEING.
  4935 | D:5      | 4935 ||| FLEEEEING.
  4936 | D:5      | 4936 ||| FLEEEEING.
  4952 | D:5      | 4952 ||| FLEEEEING.
  4953 | D:5      | 4953 ||| FLEEEEING.
  4954 | D:5      | 4954 ||| FLEEEEING.
  4955 | D:5      | 4955 ||| FLEEEEING.
  4956 | D:5      | 4956 ||| FLEEEEING.
  4957 | D:5      | 4957 ||| FLEEEEING.
  4958 | D:5      | 4958 ||| FLEEEEING.
  4960 | D:5      | 4960 ||| FLEEEEING.
  4961 | D:5      | 4961 ||| FLEEEEING.
  4962 | D:5      | 4962 ||| FLEEEEING.
  4963 | D:5      | 4963 ||| FLEEEEING.
  4964 | D:5      | 4964 ||| FLEEEEING.
  4965 | D:5      | 4965 ||| FLEEEEING.
  4966 | D:5      | 4966 ||| FLEEEEING.
  4967 | D:5      | 4967 ||| FLEEEEING.
  4968 | D:5      | 4968 ||| FLEEEEING.
  5061 | D:5      | Reached XP level 8. HP: 44/46 MP: 12/12
  5261 | D:5      | 5261 ||| UPGRADING to +0 cloak.
  5266 | D:5      | 5266 ||| READING scroll labelled DILODI ANAO.
  5367 | D:5      | 5367 ||| READING scroll labelled ZELUSO JOJAUGH.
  5368 | D:5      | 5368 ||| READING 2 scrolls labelled TOMUBEAXOC.
  5369 | D:5      | 5369 ||| READING scroll labelled IKHEMI QUMOUPT.
  5510 | D:5      | 5510 ||| DRINKING 2 metallic dark potions.
  5511 | D:5      | 5511 ||| READING 3 scrolls of identify.
  5511 | D:5      | 5511 ||| IDENTIFYING bubbling sapphire potion
  5512 | D:5      | 5512 ||| READING 2 scrolls of identify.
  5512 | D:5      | 5512 ||| IDENTIFYING gluggy clear potion
  5513 | D:5      | 5513 ||| DRINKING potion of experience.
  5513 | D:5      | Reached skill level 15 in Axes
  5513 | D:5      | Reached XP level 9. HP: 50/50 MP: 13/13
  5514 | D:5      | 5514 ||| DROPPING potion of berserk rage.
  5515 | D:5      | 5515 ||| DROPPING scroll of noise.
  5542 | D:6      | Noticed Edmund
  5555 | D:6      | Killed Edmund
  5699 | D:6      | 5699 ||| DROPPING +0 flail.
  5734 | D:6      | 5734 ||| Stepping ~*~*~tactically~*~*~ (stealth).
  5758 | D:6      | 5758 ||| FLEEEEING.
  5759 | D:6      | 5759 ||| FLEEEEING.
  5760 | D:6      | 5760 ||| FLEEEEING.
  5761 | D:6      | 5761 ||| FLEEEEING.
  5762 | D:6      | 5762 ||| FLEEEEING.
  5763 | D:6      | 5763 ||| FLEEEEING.
  5770 | D:6      | 5770 ||| STAIRDANCE
  5903 | D:5      | 5903 ||| READING scroll labelled VAICEPLOTZI.
  5967 | D:6      | 5967 ||| READING scroll of enchant armour.
  5967 | D:6      | 5967 ||| ENCHANTING +0 pair of gloves.
  5988 | D:6      | 5988 ||| Stepping ~*~*~tactically~*~*~ (stealth).
  6284 | D:6      | Found a staircase to the Ecumenical Temple.
  6285 | D:6      | 6285 ||| PLANNING TEMPLE
  6285 | D:6      | 6285 ||| READING 2 scrolls labelled JOUWNI ZACOARE.
  6286 | D:6      | 6286 ||| READING 2 scrolls of identify.
  6286 | D:6      | 6286 ||| IDENTIFYING viscous golden potion
  6287 | D:6      | 6287 ||| DROPPING scroll of vulnerability.
  6296 | Temple   | Entered the Ecumenical Temple
  6296 | Temple   | Found a transporter.
  6296 | Temple   | Found a transporter.
  6298 | Temple   | Found a transporter.
  6298 | Temple   | Found a transporter.
  6308 | Temple   | 6308 ||| PLANNING D:1-11
  6372 | Temple   | Became a worshipper of Warmaster Okawaru
  6415 | D:7      | 6415 ||| PLANNING OSSUARY
  6520 | D:7      | Reached skill level 3 in Dodging
  6600 | D:7      | Found a snail-covered altar of Cheibriados.
  6625 | D:7      | Found a sand-covered staircase.
  6626 | D:7      | 6626 ||| READING 2 scrolls of identify.
  6626 | D:7      | 6626 ||| IDENTIFYING fizzy coppery potion
  6627 | D:7      | 6627 ||| DROPPING potion of brilliance.
  6635 | Ossuary  | Entered an ossuary
  6702 | Ossuary  | Reached * piety under Okawaru
  6769 | Ossuary  | 6769 ||| INVOKING Heroism.
  6778 | Ossuary  | Reached skill level 1 in Invocations
  6795 | Ossuary  | 6795 ||| READING 2 scrolls labelled IFANIK SIUXEAV.
  6795 | Ossuary  | Identified 2 scrolls of acquirement
  6795 | Ossuary  | 6795 ||| ACQUIRING +1 pair of gloves of Cocah {Will+ rCorr
                  | Stlth+}
  6795 | Ossuary  | Acquired the +1 pair of gloves of Cocah {Will+ rCorr
                  | Stlth+}
  6797 | Ossuary  | 6797 ||| UPGRADING to +1 pair of gloves of Cocah {Will+
                  | rCorr Stlth+}.
  6807 | Ossuary  | 6807 ||| REMOVING ring of resist corrosion.
  6808 | Ossuary  | 6808 ||| DROPPING +1 pair of gloves.
  6809 | Ossuary  | 6809 ||| READING scroll of acquirement.
  6809 | Ossuary  | 6809 ||| ACQUIRING ring "Pecka" {Ice +Blink Str-5 Dex+6
                  | Slay+3}
  6809 | Ossuary  | Acquired the ring "Pecka" {Ice +Blink Str-5 Dex+6 Slay+3}
  6811 | Ossuary  | 6811 ||| UPGRADING to ring "Pecka" {Ice +Blink Str-5 Dex+6
                  | Slay+3}.
  6812 | Ossuary  | 6812 ||| DRINKING 3 blue potions.
  6813 | Ossuary  | 6813 ||| READING 5 scrolls of identify.
  6813 | Ossuary  | 6813 ||| IDENTIFYING golden potion
  6814 | Ossuary  | 6814 ||| READING 4 scrolls of identify.
  6814 | Ossuary  | 6814 ||| IDENTIFYING sedimented brown potion
  6815 | Ossuary  | 6815 ||| READING 3 scrolls of identify.
  6815 | Ossuary  | 6815 ||| IDENTIFYING fuming red potion
  6816 | Ossuary  | 6816 ||| DROPPING 2 potions of flight.
  6817 | Ossuary  | 6817 ||| DROPPING potion of invisibility.
  6818 | Ossuary  | 6818 ||| DROPPING potion of degeneration.
  6830 | D:7      | 6830 ||| PLANNING D:1-11
  6936 | D:7      | Reached XP level 10. HP: 59/59 MP: 14/14
  6986 | D:7      | Found a broken altar of Ashenzari.
  6996 | D:7      | 6996 ||| INVOKING Heroism.
  7123 | D:7      | 7123 ||| DROPPING +4 flail of holy wrath.
  7242 | D:7      | 7242 ||| Stepping ~*~*~tactically~*~*~ (stealth).
  7253 | D:7      | Found a flagged portal.
  7380 | D:7      | Found a burning altar of Makhleb.
  7396 | D:7      | 7396 ||| DROPPING amulet of guardian spirit.
  7397 | D:7      | 7397 ||| UPGRADING to ring of protection from fire.
  7398 | D:7      | 7398 ||| READING 2 scrolls of identify.
  7398 | D:7      | 7398 ||| IDENTIFYING red potion
  7443 | D:8      | 7443 ||| STAIRDANCE
  7449 | D:8      | 7449 ||| STAIRDANCE
  7451 | D:7      | 7451 ||| INVOKING Heroism.
  7461 | D:7      | HP: 14/60 [poisoned by a killer bee]
  7462 | D:7      | 7462 ||| READING 5 scrolls of teleportation.
  7463 | D:7      | 7463 ||| DRINKING 6 potions of heal wounds.
  7655 | D:8      | 7655 ||| STAIRDANCE
  7665 | D:8      | 7665 ||| STAIRDANCE
  7788 | D:8      | Noticed Maurice
  7802 | D:8      | 7802 ||| DRINKING 2 potions of cancellation.
  7808 | D:8      | Reached skill level 3 in Invocations
  7808 | D:8      | Killed Maurice
  7808 | D:8      | Reached ** piety under Okawaru
  7809 | D:8      | Reached skill level 3 in Throwing
  8135 | D:8      | 8135 ||| Stepping ~*~*~tactically~*~*~ (stealth).
  8137 | D:8      | 8137 ||| INVOKING Heroism.
  8470 | D:8      | 8470 ||| Stepping ~*~*~tactically~*~*~ (stealth).
  8471 | D:8      | 8471 ||| Stepping ~*~*~tactically~*~*~ (stealth).
  8473 | D:8      | 8473 ||| Stepping ~*~*~tactically~*~*~ (stealth).
  8475 | D:8      | 8475 ||| INVOKING Heroism.
  8483 | D:8      | 8483 ||| Stepping ~*~*~tactically~*~*~ (stealth).
  8518 | D:8      | 8518 ||| INVOKING Heroism.
  8911 | D:8      | 8911 ||| UPGRADING to +2 cloak.
  8921 | D:8      | 8921 ||| DROPPING +0 cloak.
  8922 | D:8      | 8922 ||| UPGRADING to +0 plate armour.
  8932 | D:8      | 8932 ||| DROPPING +0 chain mail.
  8933 | D:8      | 8933 ||| UPGRADING to +0 kite shield.
  8938 | D:8      | 8938 ||| READING 2 scrolls of identify.
  8938 | D:8      | 8938 ||| IDENTIFYING sedimented coppery potion
  8939 | D:8      | 8939 ||| DROPPING potion of attraction.
  8993 | D:9      | 8993 ||| INVOKING Heroism.
  9005 | D:9      | Reached skill level 1 in Shields
  9010 | D:9      | 9010 ||| INVOKING Heroism.
  9027 | D:9      | Reached skill level 3 in Shields
  9099 | D:9      | 9099 ||| FLEEEEING.
  9205 | D:9      | Noticed a cyclops
  9207 | D:9      | 9207 ||| INVOKING Heroism.
  9209 | D:9      | Noticed Joseph
  9210 | D:9      | 9210 ||| Stepping ~*~*~tactically~*~*~ (hiding).
  9212 | D:9      | 9212 ||| Stepping ~*~*~tactically~*~*~ (hiding).
  9213 | D:9      | 9213 ||| Stepping ~*~*~tactically~*~*~ (hiding).
  9222 | D:9      | Killed a cyclops
  9222 | D:9      | Reached *** piety under Okawaru
  9223 | D:9      | Reached XP level 11. HP: 64/64 MP: 15/15
  9232 | D:9      | 9232 ||| INVOKING Heroism.
  9233 | D:9      | Killed Joseph
  9390 | D:9      | 9390 ||| Stepping ~*~*~tactically~*~*~ (stealth).
  9450 | D:9      | Noticed a two-headed ogre
  9451 | D:9      | 9451 ||| INVOKING Heroism.
  9459 | D:9      | HP: 5/64 [two-headed ogre/+0 giant club (24)]
  9459 | D:9      | Mangled by a two-headed ogre

Levels and vault maps discovered:
D:1:      nicolae_arrival_washed_ashore, layout_rooms, corexii_leaking_fountain
D:2:      layout_loops_cross, kennysheep_generic_room_13
D:3:      layout_basic, minitemple, serial_curves, eino_curves_01,
          eino_curves_02, nicolae_ecumenical_pavilion
D:4:      layout_rooms, minmay_crystal_water
D:5:      layout_loops_ring, gup_sewer_entry_bubbles
D:6:      layout_rooms, temple_hall, uniq_edmund
D:7:      layout_loops_ring, general_overflow_altar,
          mainiacjoe_overflow_big_doors, nicolae_ossuary_entry_monument,
          enter_bailey_3
D:8:      layout_layer_cave, serial_glass, glass_columns_c, glass_columns_b,
          uniq_maurice
D:9:      layout_cave_pods, uniq_joseph, uniq_prince_ribbit1
Temple:   hellmonk_temple_divided_pantheon

Skill      XL: |  1  2  3  4  5  6  7  8  9 10 |
---------------+-------------------------------+-----
Axes           | 3 4 5 7 8 15 | 15.7
Fighting       | 3 5 |  5.9
Armour         | 3 5 |  5.0
Throwing       | 2 3 |  3.1
Dodging        | 3 |  3.0
Invocations    | 1 4 |  4.2
Shields        | 4 |  4.6
Spellcasting   | |  2.0
Translocations | |  2.4

Action                   |  1- 3 |  4- 6 |  7- 9 | 10-12 || total
-------------------------+-------+-------+-------+-------++-------
Melee: Hand axe          |    46 |    15 |       |       ||    61
       Peck              |     4 |     9 |    40 |    33 ||    86
       Kick              |    11 |    18 |    57 |    47 ||   133
       War axe           |       |    57 |   179 |   127 ||   363
       Punch             |       |     1 |     1 |     1 ||     3
Throw: Javelin           |    38 |    19 |    17 |     6 ||    80
       Boomerang         |     7 |    40 |    39 |    23 ||   109
Invok: Heroism           |       |       |     1 |    10 ||    11
  Use: Scroll            |     5 |     3 |    17 |     3 ||    28
       Potion            |       |     1 |     6 |     2 ||     9
 Stab: Sleeping          |     1 |       |       |       ||     1
Armor: Leather armour    |    10 |     2 |       |       ||    12
       Ring mail         |       |     4 |       |       ||     4
       Chain mail        |       |       |    62 |    60 ||   122
       Plate armour      |       |       |       |    14 ||    14
Dodge: Dodged            |    28 |    39 |    56 |    43 ||   166
Block: Kite shield       |       |       |       |    21 ||    21

Table legend:
 A = Non-vault XP
 B = Vault XP
 C = Vault XP percentage of total XP
 D = Non-vault monster count
 E = Vault monster count
 F = Vault count percentage of total count
                 A         B        C        D         E       F
            +---------+---------+-------+---------+---------+-------
      Total |    7000 |    1991 |  22.1 |     149 |      52 |  25.9
            +---------+---------+-------+---------+---------+-------
        D:1 |      31 |       0 |   0.0 |      17 |       0 |   0.0
        D:2 |      40 |       6 |  13.0 |      16 |       2 |  11.1
        D:3 |      54 |       0 |   0.0 |      13 |       0 |   0.0
        D:4 |     444 |       0 |   0.0 |      19 |       0 |   0.0
        D:5 |     571 |      28 |   4.7 |      20 |       8 |  28.6
        D:6 |     902 |     169 |  15.8 |      13 |       1 |   7.1
        D:7 |    1388 |       8 |   0.6 |      20 |       4 |  16.7
        D:8 |     825 |     469 |  36.2 |      18 |       1 |   5.3
        D:9 |    2745 |     475 |  14.8 |      13 |       1 |   7.1
      Sewer |       0 |      94 | 100.0 |       0 |      20 | 100.0
    Ossuary |       0 |     742 | 100.0 |       0 |      15 | 100.0
            +---------+---------+-------+---------+---------+-------
